 Dungeon Crawl Stone Soup version 0.27.1-3-gb3d3a73c9e (webtiles) character file.

Game seed: 11913432439882637957

58 styxcanada the Sneak (level 3, 0/18 HPs)
             Began as a Spriggan Brigand on Oct 29, 2021.
             Shot with a stone by a goblin (6 damage)
             ... led by Robin
             ... on level 2 of the Dungeon.
             The game lasted 00:05:35 (1922 turns).

styxcanada the Sneak (Spriggan Brigand)             Turns: 1922, Time: 00:05:35

Health: 0/18       AC:  3    Str:  7    XL:     3   Next: 75%
Magic:  4/4        EV: 17    Int: 12    God:
Gold:   54         SH:  0    Dex: 17    Spells: 2/2 levels left

rFire    . . .     SeeInvis +   a - +2 dagger
rCold    + . .     Faith    .   (shield restricted)
rNeg     . . .     Spirit   .   b - +0 robe
rPois    .         Reflect  .   (helmet restricted)
rElec    .         Harm     .   c - +0 cloak
rCorr    .         Rampage  .   (gloves unavailable)
Will     .....                  (boots unavailable)
Stlth    ++++......             (no amulet)
HPRegen  0.06/turn              m - ring of protection from cold
MPRegen  0.09/turn              (no ring)

@: very quick
A: very small, no large weapons, unfitting armour, see invisible, speed 3
a: no special abilities


You were on level 2 of the Dungeon.
You visited 1 branch of the dungeon, and saw 2 of its levels.

You collected 54 gold pieces.

Inventory:

Hand Weapons
 a - a +2 dagger (weapon)
 n - a +0 hunting sling
Missiles
 d - 10 poisoned darts (quivered)
 e - 2 curare-tipped darts
 g - 2 stones
Armour
 b - a +0 robe (worn)
 c - a +0 cloak (worn)
Jewellery
 j - an amulet of faith
 m - a ring of protection from cold (left hand)
Scrolls
 k - a scroll of magic mapping {unknown}
 l - a scroll of identify {unknown}
 p - a scroll of enchant weapon {unknown}
Potions
 f - 2 potions of curing {unknown}
 h - a potion of haste {unknown}
 i - a potion of resistance {unknown}
 o - a potion of heal wounds {unknown}


   Skills:
 * Level 1.7 Fighting
 + Level 2.3 Short Blades
 + Level 2.2 Throwing
 * Level 2.2 Dodging
 * Level 7.5 Stealth


You had 2 spell levels left.
You didn't know any spells.
Your spell library was empty.

Dungeon Overview and Level Annotations

Branches:
Dungeon (2/15)

Altars:

Annotations:
D:2 Robin


Innate Abilities, Weirdness & Mutations

You are very small and have problems with some larger weapons.
You are too small for most types of armour.
You have supernaturally acute eyesight. (SInv)
You cover ground extremely quickly. (Speed+++)


Message History

The poisoned dart closely misses the goblin.
The poisoned dart hits the goblin.
The goblin looks more healthy.
Throw: 14 darts (poison)
Press: ? - help, Q - select action, (/) - cycle Shift-Dir - straight line, f/p - goblin
Aim: a goblin, wielding a +0 dagger (severely wounded, 53% to hit)
You throw a poisoned dart. The poisoned dart hits the goblin.
The goblin is poisoned.
The goblin is severely wounded.
You kill the goblin!
The goblin unwields a +0 dagger.
The goblin wields a +0 hunting sling.
The goblin shoots a stone.
The stone barely misses you.
Throw: 13 darts (poison)
Press: ? - help, Q - select action, (/) - cycle Shift-Dir - straight line, f/p - goblin
Aim: a goblin, wielding a +0 dagger (moderately wounded, 53% to hit)
You throw a poisoned dart. The poisoned dart hits the goblin.
The goblin is poisoned.
The goblin shoots a stone.
The stone completely misses you.
Throw: 12 darts (poison)
Press: ? - help, Q - select action, (/) - cycle Shift-Dir - straight line, f/p - goblin
Aim: a goblin, wielding a +0 dagger (moderately wounded, 53% to hit)
You throw a poisoned dart.
The poisoned dart barely misses the goblin.
The poisoned dart closely misses the goblin.
The poisoned dart hits the goblin.
The goblin shoots a stone.
The stone closely misses you.
Throw: 11 darts (poison)
Press: ? - help, Q - select action, (/) - cycle Shift-Dir - straight line, f/p - goblin
Aim: a goblin, wielding a +0 dagger (moderately wounded, 53% to hit)
You throw a poisoned dart.
The poisoned dart barely misses the goblin.
The poisoned dart hits the goblin.
The goblin is poisoned.
The goblin is moderately wounded.
The goblin shoots a stone.
The stone completely misses you.
The goblin shoots a stone.
The stone hits you.
The goblin looks more healthy.
The goblin shoots a stone.
The stone hits you.
The goblin shoots a stone.
The stone barely misses you.
The goblin looks more healthy.
The goblin shoots a stone.
The stone hits you.
The goblin shoots a stone.
The stone hits you.
You die...

##### #.#.#
..#.##############
###.#.#..gggg)..@..#
#†#.#.#.##########.#
..#.#.#.# ##### #
#.#.#.#(##g.....
#.#....g.)g....(
........##gg....
#.#.....# .g...
........# .g..
........# ...


You could see 4 goblins.

Vanquished Creatures
  An adder (D:2)
  A worm (D:2)
  2 dart slugs (D:1)
  An endoplasm (D:1)
  4 giant cockroaches
  4 goblins
  4 hobgoblins (D:1)
  2 jackals (D:1)
  4 kobolds
  4 quokkas
  3 ball pythons
  4 bats
  A frilled lizard (D:2)
  3 rats
38 creatures vanquished.

Notes
Turn   | Place    | Note
-------+----------+-------------------------------------------
     0 | D:1      | styxcanada the Spriggan Brigand began the quest for the
                  | Orb.
     0 | D:1      | Reached XP level 1. HP: 10/10 MP: 2/2
    55 | D:1      | Reached skill level 6 in Stealth
   100 | D:1      | Reached XP level 2. HP: 9/14 MP: 3/3
   913 | D:1      | Reached XP level 3. HP: 18/18 MP: 4/4
   954 | D:1      | Found a faded altar of an unknown god.
  1097 | D:2      | Reached skill level 7 in Stealth
  1895 | D:2      | Noticed Robin
  1922 | D:2      | Shot with a stone by a goblin

Illustrated notes

Levels and vault maps discovered:
D:1:      lightli_arrival_quake, layout_basic, shapermc_ecumenical_altar_petra,
          minmay_misc_feat_more_columns
D:2:      layout_basic, basic_altar, uniq_robin, uniq_jessica,
          uniq_crazy_yiuf_cottage

Skill      XL: |  1  2  3 |
---------------+----------+-----
Stealth        | 6 7 |  7.5
Dodging        | 2 |  2.2
Fighting       | |  1.7
Short Blades   | |  2.3
Throwing       | |  2.2

Action                   || total
-------------------------++-------
Melee: Dagger            ||   118
Throw: Dart              ||    17
 Stab: Sleeping          ||    16
Armor: Robe              ||    15
Dodge: Dodged            ||    85
